 Dungeon Crawl Stone Soup version 0.29-a0-753-gb7bb9d756e (webtiles) character file.

Game seed: 6996383843584375296

28501 triguntf the Severer (level 13, -1/118 HPs)
             Began as a Hill Orc Fighter on June 30, 2022.
             Was a Believer of Ashenzari.
             Slain by a 15-headed hydra (13 damage)
             ... on level 11 of the Dungeon.
             The game lasted 00:49:22 (16445 turns).

triguntf the Severer (Hill Orc Fighter)            Turns: 16445, Time: 00:49:23

Health: -1/118     AC: 19    Str: 27    XL:     13   Next: 39%
Magic:  13/13      EV: 13    Int:  8    God:    Ashenzari [**....]
Gold:   904        SH: 16    Dex: 10    Spells: 12/12 levels left

rFire   . . .      SeeInvis +   z - +6 war axe of Supernal Knowledge {freeze, Cun, Alch} (curse)
rCold   + . .      Faith    .   F - +0 kite shield
rNeg    + . .      Spirit   .   y - +0 chain mail
rPois   .          Reflect  +   p - +0 helmet
rElec   .          Harm     .   b - +1 cloak
rCorr   .          Rampage  .   (no gloves)
Will    .....                   B - +1 pair of boots "Manifest Trepidation" {Stlth+, Comp, Cun} (curse)
Stlth   +.........              A - amulet of reflection
HPRegen 0.29/turn               n - +4 ring of evasion
MPRegen 0.13/turn               E - ring "At What Cost Knowledge?" {rN+ Str+3, Cun, Fort} (curse)

@: no status effects
A: cold resistance 1
a: Renounce Religion, Shatter the Chains


You were on level 11 of the Dungeon.
You worshipped Ashenzari.
Ashenzari was pleased with you.
You visited 4 branches of the dungeon, and saw 18 of its levels.

You collected 1040 gold pieces.
You spent 136 gold pieces at shops.

Inventory:

Hand Weapons
 z - the cursed +6 war axe of Supernal Knowledge (weapon) {freeze, Cun, Alch}
   (You bought it in a shop on level 6 of the Dungeon)

   It freezes those it strikes, dealing additional cold damage.
   It can also slow down cold-blooded creatures.
   It has a curse which improves the following skills: Cunning: Dodging and
   Stealth.
   Alchemy:   Poison Magic and Transmutations.
Armour
 b - a +1 cloak (worn)
 c - a +0 troll leather armour
 p - a +0 helmet (worn)
 y - a +0 chain mail (worn)
 B - the cursed +1 pair of boots "Manifest Trepidation" (worn) {Stlth+, Comp, Cun}
   (You found it on level 7 of the Dungeon)

   It has a curse which improves the following skills: Companions: Summonings
   and Necromancy.
   Cunning:   Dodging and Stealth.
 F - a +0 kite shield (worn)
 H - +0 acid dragon scales
Jewellery
 d - an amulet of the acrobat
 n - a +4 ring of evasion (left hand)
 A - an amulet of reflection (around neck)
 D - a ring of flight
 E - the cursed ring "At What Cost Knowledge?" (right hand) {rN+ Str+3, Cun, Fort}
   (You found it on level 12 of the Dungeon)

   [ring of positive energy]

   Str:       It affects your strength (+3).
   rN:        It protects you from negative energy.
   It has a curse which improves the following skills: Cunning: Dodging and
   Stealth.
   Fortitude: Armour and Shields.
 G - a ring of positive energy
 L - a ring of ice
Scrolls
 a - 3 scrolls of noise
 e - 2 scrolls of poison
 f - 12 scrolls of identify
 g - 4 scrolls of teleportation
 h - 4 scrolls of enchant armour
 i - 4 scrolls of magic mapping
 o - 4 scrolls of vulnerability
 q - 2 scrolls of enchant weapon
 t - 5 scrolls of amnesia
 w - a scroll of fog
Potions
 j - 2 potions of mutation
 k - a potion of flight
 l - 3 potions of magic
 m - a potion of attraction
 s - 8 potions of curing
 u - 4 potions of degeneration
 I - a potion of ambrosia
Miscellaneous
 C - a box of beasts (inert)
 J - a lightning rod (3/4)


   Skills:
 + Level 12.1 Fighting
 + Level 17.5 Axes
 + Level 11.3(12.5) Armour
 + Level 3.8(6.1) Dodging
 + Level 3.8(6.1) Stealth
 + Level 10.0(11.2) Shields
 + Level 3.8 Evocations


You had 12 spell levels left.
You didn't know any spells.
Your spell library contained the following spells:

 Spells                   Type           Power      Damage    Failure   Level
 Necrotize                Necr           0%         1d4       98%         1
 Slow                     Hex            0%         N/A       98%         1
 Scorch                   Fire           0%         2d5       99%         2
 Sublimation of Blood     Necr           0%         N/A       99%         2
 Wereblood                Tmut           0%         N/A       99%         2
 Confusing Touch          Hex            0%         N/A       100%        3
 Conjure Flame            Conj/Fire      0%         6-21      100%        3
 Dazzling Flash           Conj/Hex       0%         N/A       100%        3
 Ignite Poison            Fire/Tmut/Pois 0%         N/A       100%        3
 Ozocubu's Armour         Ice            0%         N/A       100%        3
 Vampiric Draining        Necr           0%         2d6       100%        3
 Corpse Rot               Necr/Pois/Air  0%         N/A       100%        4
 Dispel Undead            Necr           0%         3d6       100%        4
 Flame Wave               Conj/Fire      0%         2d4       100%        4
 Iskenderun's Mystic Bla  Conj/Tloc      0%         2d3       100%        4
 Petrify                  Tmut/Erth      0%         N/A       100%        4
 Sticky Flame             Conj/Fire      0%         2d3       100%        4
 Agony                    Necr           0%         N/A       100%        5
 Metabolic Englaciation   Hex/Ice        0%         N/A       100%        5
 Silence                  Hex/Air        0%         N/A       100%        5
 Death Channel            Necr           0%         N/A       100%        6
 Simulacrum               Ice/Necr       0%         N/A       100%        6
 Starburst                Conj/Fire      0%         6d3       100%        6
 Statue Form              Tmut/Erth      0%         N/A       100%        6
 Summon Cactus Giant      Summ           0%         N/A       100%        6
 Summon Hydra             Summ           0%         N/A       100%        7


Dungeon Overview and Level Annotations

Branches:
Dungeon (12/15)            Temple (1/1) D:7            Lair (4/6) D:11
 Shoals (1/4) Lair:3          Orc (0/2) D:12
  Snake: Lair:2-4    Spider: Lair:2-4

Altars:
Ashenzari
Cheibriados
Dithmenos
Elyvilon
Fedhas
Gozag
Hepliaklqana
Kikubaaqudgha
Makhleb
Nemelex Xobeh
Okawaru
Qazlal
Ru
Sif Muna
Trog
Uskayaw
Vehumet
Wu Jian
Xom
Yredelemnul
Zin
The Shining One

Shops:
D:1 ?   D:6 (   D:8 (

Annotations:
Lair:4 Nergalle


Innate Abilities, Weirdness & Mutations

Your flesh is cold resistant. (rC+)


Message History

The 14-headed hydra completely misses you.
The 14-headed hydra bites you but does no damage.
The 14-headed hydra misses you.
You block the 14-headed hydra's attack. x2
The 14-headed hydra closely misses you.
The 14-headed hydra completely misses you.
The 14-headed hydra barely misses you.
You slice one of the 14-headed hydra's heads off!
The 13-headed hydra grows two more!
You slash the 15-headed hydra!
The 15-headed hydra seems to slow down.
You freeze the 15-headed hydra.
The 15-headed hydra is moderately wounded.
The 15-headed hydra bites you.
The 15-headed hydra bites you but does no damage. x2
The 15-headed hydra barely misses you. You block the 15-headed hydra's attack.
The 15-headed hydra barely misses you. You block the 15-headed hydra's attack.
The 15-headed hydra bites you but does no damage.
You block the 15-headed hydra's attack.
The 15-headed hydra bites you but does no damage. x2
The 15-headed hydra bites you!
* * * LOW HITPOINT WARNING * * *
The 15-headed hydra bites you but does no damage.
The 15-headed hydra barely misses you. The 15-headed hydra bites you.
* * * LOW HITPOINT WARNING * * *
Unknown command.
The 15-headed hydra is no longer moving slowly.
The 15-headed hydra attacks as you move away!
You block the 15-headed hydra's attack. The 15-headed hydra bites you.
* * * LOW HITPOINT WARNING * * *
The 15-headed hydra bites you but does no damage.
The 15-headed hydra bites you.
* * * LOW HITPOINT WARNING * * *
You block the 15-headed hydra's attack. The 15-headed hydra barely misses you.
The 15-headed hydra bites you but does no damage.
You block the 15-headed hydra's attack. x2; The 15-headed hydra bites you.
* * * LOW HITPOINT WARNING * * *
The 15-headed hydra closely misses you. The 15-headed hydra bites you.
* * * LOW HITPOINT WARNING * * *
The 15-headed hydra bites you!
* * * LOW HITPOINT WARNING * * *
The 15-headed hydra bites you!
You die...

##....##....##.......
#.....##....##.......
#....................
#.................... ###
#...........##....##. #>#
#.....##....##....##.
####.#########....########.....?.
...#........##..D.##.............
...#........'...@.#....(......##.
...#........#)....#...........##.
...#........#.....#..............
##[###....####....##...[##.......
...###....####....########.....).
...................#....##'#####.
..>................#....##....##'
...............>...#..........##.
#######...###.....##..........#..


You could see a 15-headed hydra.

Vanquished Creatures
  Fannar (D:11)
  The ghost of fly the Basher, a journeyman MeAr of the Shining One (Lair:2)
  2 hydras
  4 centaur warriors (D:12)
  2 two-headed ogres
  Sonja (Lair:3)
  2 wolf spiders (D:12)
  A deep elf pyromancer (D:12)
  2 cyclopes
  A faun (Lair:3)
  2 cane toads
  An unseen horror (shapeshifter) (D:12)
  2 unseen horrors (D:11)
  A yaktaur (D:12)
  3 rime drakes
  2 komodo dragons
  5 trolls
  Grinder (D:4)
  10 blink frogs
  4 slime creatures (D:12)
  A centaur simulacrum (D:12)
  17 yaks
  5 wyverns
  4 vampire mosquitoes (D:10)
  A basilisk (Lair:1)
  A death yak simulacrum (Lair:2)
  2 hydra simulacra (Lair:2)
  4 acid dragons
  6 water moccasins
  A spectral torpor snail (Lair:2)
  4 orc warriors
  2 ice beasts
  2 black bears
  A boggart (D:12)
  A boulder beetle simulacrum (Lair:2)
  8 centaurs
  2 ogres
  8 wolves
  2 kobold brigands
  10 bullfrogs
  2 necrophages
  3 scorpions
  8 wights
  18 killer bees
  7 howler monkeys
  4 electric eels
  3 jellies (D:6)
  7 hounds
  10 orc priests
  2 gnoll shamans
  Jessica (D:3)
  5 iguanas
  Natasha (thrice) (D:4)
  6 orc wizards
  A boggart simulacrum (D:12)
  4 gnolls
  6 adders
  3 shadow imps (D:5)
  A white imp (D:4)
  An ufetubus (D:6)
  2 worms (D:3)
  3 dart slugs
  40 orcs
  3 bats
  7 endoplasms
  4 giant cockroaches
  7 goblins
  5 hobgoblins
  4 jackals (D:1)
  A quokka (D:3)
  4 ball pythons
  A frilled lizard (D:3)
  15 kobolds
  6 rats
327 creatures vanquished.

Vanquished Creatures (collateral kills)
  A hydra (Lair:3)
  A black mamba simulacrum (Lair:2)
2 creatures vanquished.

Vanquished Creatures (others)
  A ghost moth (D:12)
  A cyclops (D:12)
  A spectral torpor snail (Lair:2)
  An orc (D:12)
  A bush (Lair:4)
  5 fungi
  12 plants
22 creatures vanquished.

Grand Total: 351 creatures vanquished

Notes
Turn   | Place    | Note
-------+----------+-------------------------------------------
     0 | D:1      | triguntf the Hill Orc Fighter began the quest for the Orb.
     0 | D:1      | Reached XP level 1. HP: 19/19 MP: 1/1
    70 | D:1      | Found a faded altar of an unknown god.
   294 | D:1      | Reached XP level 2. HP: 26/27 MP: 2/2
   491 | D:1      | Found Wote's Magic Scroll Emporium.
   605 | D:1      | Reached skill level 3 in Axes
   693 | D:1      | Reached XP level 3. HP: 33/33 MP: 3/3
   864 | D:2      | Reached XP level 4. HP: 40/40 MP: 4/4
   938 | D:2      | Reached skill level 4 in Axes
   972 | D:2      | Identified the +7 longbow "Bis Urri" {freeze, Int+3}
  1178 | D:2      | Noticed an ogre
  1185 | D:2      | Killed an ogre
  1186 | D:2      | Reached skill level 5 in Axes
  1186 | D:2      | Reached XP level 5. HP: 47/47 MP: 5/5
  1378 | D:3      | Noticed Jessica
  1382 | D:3      | Killed Jessica
  1424 | D:3      | Reached skill level 6 in Axes
  1424 | D:3      | Reached XP level 6. HP: 39/53 MP: 6/6
  2015 | D:4      | Noticed Grinder
  2015 | D:4      | Paralysed by Grinder for 2 turns
  2024 | D:4      | Found a stormy altar of Qazlal.
  2063 | D:4      | Killed Grinder
  2064 | D:4      | Reached skill level 5 in Fighting
  2064 | D:4      | Reached skill level 7 in Axes
  2064 | D:4      | Reached XP level 7. HP: 31/61 MP: 7/7
  2243 | D:4      | Reached skill level 1 in Dodging
  2309 | D:4      | Found a burning altar of Makhleb.
  2374 | D:4      | Noticed Natasha
  2380 | D:4      | Killed Natasha
  2496 | D:4      | Reached skill level 8 in Axes
  2617 | D:4      | Noticed Natasha
  2624 | D:4      | Killed Natasha
  2679 | D:4      | Noticed Natasha
  2686 | D:4      | Killed Natasha
  2705 | D:5      | Entered Level 5 of the Dungeon
  2879 | D:4      | Reached XP level 8. HP: 14/69 MP: 8/8
  3263 | D:5      | Reached skill level 5 in Armour
  3351 | D:5      | Reached skill level 9 in Axes
  3489 | D:5      | Identified the +1 leather armour of Courage {rF+ Int+7}
  4374 | D:5      | Reached skill level 1 in Stealth
  4886 | D:6      | Reached skill level 10 in Axes
  4909 | D:6      | Found Tufuclu's Antique Weapon Boutique.
  4917 | D:6      | Bought a runed war axe for 136 gold pieces
  5109 | D:6      | Reached XP level 9. HP: 77/77 MP: 9/9
  5123 | D:6      | Reached skill level 11 in Axes
  5127 | D:6      | Found a glowing golden altar of the Shining One.
  5426 | D:6      | Found a bloodstained altar of Trog.
  5602 | D:7      | Reached skill level 12 in Axes
  5847 | D:7      | Found a staircase to the Ecumenical Temple.
  5865 | Temple   | Entered the Ecumenical Temple
  5870 | Temple   | Became a worshipper of Ashenzari the Shackled
  6510 | D:8      | Reached skill level 13 in Axes
  6527 | D:8      | Found a sacrificial altar of Ru.
  6557 | D:8      | Noticed a two-headed ogre
  6571 | D:8      | Killed a two-headed ogre
  6572 | D:8      | Reached skill level 5 in Shields
  6572 | D:8      | Reached skill level 1 in Evocations
  6572 | D:8      | Reached XP level 10. HP: 88/88 MP: 10/10
  6664 | D:8      | Found Inkiyno's Weapon Boutique.
  6995 | D:9      | Reached skill level 14 in Axes
  7138 | D:9      | Reached * piety under Ashenzari
  7447 | D:9      | Reached skill level 15 in Axes
  7576 | D:9      | Reached XP level 11. HP: 90/95 MP: 11/11
  7720 | D:9      | Gained mutation: You passively dampen the noise of your
                  | surroundings. [potion of mutation]
  7720 | D:9      | Gained mutation: A frigid envelope surrounds you and
                  | freezes all who hurt you. [potion of mutation]
  7759 | D:10     | Entered Level 10 of the Dungeon
  7827 | D:10     | Found a hide-covered altar of Uskayaw.
  8172 | D:10     | Lost mutation: A frigid envelope surrounds you and freezes
                  | all who hurt you. [potion of mutation]
  8172 | D:10     | Lost mutation: You passively dampen the noise of your
                  | surroundings. [potion of mutation]
  8172 | D:10     | Gained mutation: You are covered in fur. (AC +1) [potion of
                  | mutation]
  8172 | D:10     | Gained mutation: Your muscles are strong. (Str +4, Int/Dex
                  | -1) [potion of mutation]
  8172 | D:10     | Gained mutation: You are occasionally teleported next to
                  | monsters. [potion of mutation]
  8659 | D:10     | Reached skill level 16 in Axes
  8791 | D:10     | Found a snail-covered altar of Cheibriados.
  8916 | D:11     | Noticed a two-headed ogre
  8925 | D:11     | Killed a two-headed ogre
  9000 | D:11     | Noticed a cyclops
  9019 | D:11     | Killed a cyclops
  9068 | D:11     | Reached skill level 10 in Fighting
  9152 | D:11     | Lost mutation: Your muscles are strong. (Str +4, Int/Dex
                  | -1) [potion of mutation]
  9152 | D:11     | Lost mutation: You are occasionally teleported next to
                  | monsters. [potion of mutation]
  9152 | D:11     | Gained mutation: You are clumsy. (Dex -2) [potion of
                  | mutation]
  9152 | D:11     | Gained mutation: You are weak. (Str -2) [potion of
                  | mutation]
  9152 | D:11     | Gained mutation: Your skin changes colour to match your
                  | surroundings (Stealth+). [potion of mutation]
  9509 | D:11     | Noticed Fannar
  9516 | D:11     | Killed Fannar
  9691 | D:11     | Found a staircase to the Lair.
  9878 | Lair:1   | Entered Level 1 of the Lair of Beasts
 10304 | Lair:1   | Noticed a six-headed hydra
 10313 | Lair:1   | Killed an eight-headed hydra
 10314 | Lair:1   | Reached XP level 12. HP: 107/107 MP: 12/12
 10657 | Lair:2   | Found a runed translucent gate.
 10657 | Lair:2   | Found a runed translucent gate.
 10660 | Lair:2   | Found a runed translucent gate.
 10664 | Lair:2   | Noticed fly's ghost (journeyman MeAr)
 10819 | Lair:2   | Lost mutation: Your skin changes colour to match your
                  | surroundings (Stealth+). [potion of mutation]
 10819 | Lair:2   | Lost mutation: You are covered in fur. (AC +1) [potion of
                  | mutation]
 10819 | Lair:2   | Lost mutation: You are weak. (Str -2) [potion of mutation]
 10819 | Lair:2   | Gained mutation: Your flesh is cold resistant. (rC+)
                  | [potion of mutation]
 10819 | Lair:2   | Lost mutation: You are clumsy. (Dex -2) [potion of
                  | mutation]
 11084 | Lair:2   | Killed fly's ghost
 11868 | Lair:3   | Found a staircase to the Shoals.
 11965 | Lair:3   | Noticed Sonja
 11982 | Lair:3   | Killed Sonja
 12117 | Lair:3   | Noticed a four-headed hydra
 12135 | Lair:3   | Killed a 12-headed hydra
 12136 | Lair:3   | Reached skill level 10 in Armour
 12505 | Lair:3   | Reached skill level 17 in Axes
 12552 | Shoals:1 | Entered Level 1 of the Shoals
 12552 | Shoals:1 | Noticed a kraken
 13545 | Lair:4   | Noticed Nergalle
 13555 | Lair:4   | Noticed a five-headed hydra
 14343 | D:12     | Noticed a centaur warrior
 14348 | D:12     | Killed a centaur warrior
 14497 | D:12     | Noticed a six-headed hydra
 14507 | D:12     | Killed a ten-headed hydra
 14508 | D:12     | Reached XP level 13. HP: 104/116 MP: 13/13
 14615 | D:12     | Found a sparkling altar of Nemelex Xobeh.
 14989 | D:12     | Killed a ghost moth
 15364 | D:12     | Noticed a rakshasa
 15377 | D:12     | Identified the +7 flail of Miosu {elec, *Corrode Fly rPois
                  | Int+2}
 15565 | D:12     | Identified the ring of the Pariah {rN+ Str+3}
 15569 | D:12     | Reached skill level 10 in Shields
 15576 | D:12     | Reached ** piety under Ashenzari
 15932 | D:12     | Found a staircase to the Orcish Mines.
 16445 | D:11     | Slain by a 15-headed hydra

Illustrated notes

Levels and vault maps discovered:
D:1:      psy_arrival_conway, layout_loops_ring,
          hellmonk_ecumenical_altar_leap_of_faith, serial_shops, shop_fountains
D:2:      layout_rooms
D:3:      layout_rooms, uniq_jessica
D:4:      layout_cave_pools, mainiacjoe_overflow_boulevard,
          nicolae_qazlal_general_emergency, kennysheep_big_empty_room,
          minmay_distorted, uniq_natasha, uniq_grinder
D:5:      layout_cave_pods, minmay_fractal_squares_5
D:6:      layout_loops_ring, trog_book, nicolae_tso_carved_into_rock,
          serial_shops, nicolae_shop_overgrown_old_shop, grunt_decor_one_mirror
D:7:      layout_loops_ring, minmay_temple_entry_nine_rooms
D:8:      layout_rooms, nicolae_overflow_crystal_walls, serial_shops,
          kennysheep_mini_moat
D:9:      layout_roguey, grunt_ministairs_3, nicolae_elevator_lobby_asterisk
D:10:     layout_roguey, mainiacjoe_overflow_concentric_impassable,
          mainiacjoe_overflow_alcove_1, minmay_puff
D:11:     layout_gridville, lair_entry_dummy, grunt_ministairs_12, uniq_fannar
D:12:     minmay_swirls_squares, layout_long_grid, erik_orc_1,
          nemelex_diamond_rough_becter
Temple:   minmay_freezing_vapour_temple
Lair:1:   layout_regular_city
Lair:2:   layout_long_grid, serial_bayou, serial_bayou_crossing,
          serial_bayou_pond_c, serial_bayou_lake_a, serial_bayou_shore_a,
          serial_bayou_lagoon_a, gammafunk_ghost_necromancy, st_stairs_10,
          nicolae_quartered_pool_little
Lair:3:   layout_gridlike, elwin_shoals_entry_rocks, lemuel_fruit_fields,
          grunt_megastairs_5, uniq_sonja
Lair:4:   layout_regular_city, minmay_snake_entry_six_corridors,
          portal_ice_cave_demonic_guard, nicolae_lair_liquid_snakes,
          lemuel_fruit_fields, uniq_nergalle
Shoals:1: layout_shoals, uniq_nikola

Skill      XL: |  1  2  3  4  5  6  7  8  9 10 11 12 13 |
---------------+----------------------------------------+-----
Fighting       | 4 5 6 7 8 10 11 12 | 12.1
Axes           | 3 5 6 7 8 10 13 15 16 17 | 17.5
Armour         | 4 6 7 8 10 11 | 11.3
Dodging        | 1 2 3 |  3.8
Shields        | 4 5 7 9 10 | 10.0
Stealth        | 1 2 3 |  3.8
Evocations     | 1 2 3 |  3.8

Action                   |  1- 3 |  4- 6 |  7- 9 | 10-12 | 13-15 || total
-------------------------+-------+-------+-------+-------+-------++-------
Melee: War axe           |    74 |   141 |   279 |   424 |    82 ||  1000
Invok: Curse Item        |       |       |       |     2 |     1 ||     3
Evoke: Wand              |       |     6 |     4 |    28 |     5 ||    43
       Box of beasts     |       |       |       |       |     1 ||     1
       Lightning rod     |       |       |       |       |     1 ||     1
  Use: Potion            |       |       |       |     8 |     7 ||    15
       Scroll            |       |       |       |     4 |     6 ||    10
 Stab: Invisible         |       |       |     1 |     5 |       ||     6
Armor: Scale mail        |    39 |    48 |    56 |       |       ||   143
       Chain mail        |       |       |    34 |   164 |    99 ||   297
Dodge: Dodged            |    32 |    67 |   172 |   202 |    65 ||   538
Block: Buckler           |    22 |    25 |    50 |   126 |       ||   223
       Reflection        |       |       |     5 |    10 |    14 ||    29
       Kite shield       |       |       |       |   142 |   109 ||   251

Table legend: (Time is in decaauts)
 A = Elapsed time spent in this place.
 B = Non-inter-level travel time spent in this place.
 C = Inter-level travel time spent in this place.
 D = Time resting spent in this place.
 E = Time spent auto-exploring this place.
 F = Levels seen in this place.
 G = Mean time per level.
                   A        B        C        D        E       F      G
               +--------+--------+--------+--------+--------+-----+--------+
         Total |  16456 |  15662 |    794 |   2695 |  10364 |  18 |  914.2 |
       Dungeon |  12128 |  11740 |    388 |   1350 |   8237 |  12 | 1010.7 |
        Temple |     10 |      6 |      4 |      0 |      0 |   1 |   10.0 |
          Lair |   4304 |   3902 |    402 |   1345 |   2126 |   4 | 1076.0 |
        Shoals |     12 |     12 |      0 |      0 |      0 |   1 |   12.0 |
               +--------+--------+--------+--------+--------+-----+--------+

Top non-repeatable levels by time:
  Lair:3: 2080 daAuts
    D:12: 1788 daAuts
     D:4: 1538 daAuts
    D:11: 1423 daAuts
     D:5: 1316 daAuts
  Lair:2: 1255 daAuts
    D:10: 1107 daAuts
     D:7: 855 daAuts
     D:3: 807 daAuts
     D:1: 800 daAuts
  Lair:1: 787 daAuts
     D:9: 763 daAuts
     D:6: 712 daAuts
     D:8: 585 daAuts
     D:2: 427 daAuts
